 Dungeon Crawl Stone Soup version 0.31.0-9-g3a7656b989 (webtiles) character file.

Game seed: 18357317735182459500

483 qw the Ducker (level 6, 0/32 HPs)
             Began as a Spriggan Hunter on Feb 2, 2024.
             Incinerated by a bombardier beetle (8 damage)
             ... with a burning spray
             ... on level 5 of the Dungeon.
             The game lasted 00:00:09 (2994 turns).

qw the Ducker (Spriggan Hunter)                     Turns: 2994, Time: 00:00:09

Health: 0/32       AC:  3    Str: 13    XL:     6   Next: 87%
Magic:  7/7        EV: 24    Int: 11    God:
Gold:   180        SH:  0    Dex: 26    Spells: 5/5 levels left

rFire   . . .        e - -1 hand cannon
rCold   . . .        (no shield)
rNeg    . . .        c - +1 robe
rPois   .            (helmet restricted)
rElec   .            (no cloak)
rCorr   .            (gloves unavailable)
SInv    +            (boots unavailable)
Will    +....        (no amulet)
Stlth   +            f - +6 ring of dexterity
HPRegen 0.25/turn    g - +6 ring of strength
MPRegen 0.10/turn

%: no passive effects
@: on fire, glowing, very quick
A: very small, no large weapons, unfitting armour, see invisible, speed 3
a: no special abilities


You were on level 5 of the Dungeon.
You visited 1 branch of the dungeon, and saw 5 of its levels.

You collected 181 gold pieces.
You spent 1 gold pieces at shops.


Innate Abilities, Weirdness & Mutations

You are very small and have problems with some larger weapons.
You are too small for most types of armour.
You have supernaturally acute eyesight. (SInv)
You cover ground extremely quickly. (Speed+++)


   Skills:
 - Level 2.6 Fighting
 - Level 6.2 Ranged Weapons
 + Level 6.7 Dodging
 - Level 1.5 Stealth


You had 5 spell levels left.
You didn't know any spells.
Your spell library was empty.

Inventory:

Hand Weapons
 e - a -1 hand cannon (weapon)
Armour
 c - a +1 robe (worn)
Jewellery
 f - a +6 ring of dexterity (left hand)
 g - a +6 ring of strength (right hand)
Wands
 b - a wand of charming (19)
Scrolls
 a - a scroll of identify
 h - a scroll of teleportation {unknown}
Potions
 d - 2 potions of curing

Dungeon Overview and Level Annotations

Branches:
Dungeon (5/15)
 Temple: D:4-7

Altars:
Nemelex Xobeh
Zin
The Shining One

Shops:
D:4 *


Message History

You see here an iguana corpse.
You open the door.
There is an open door here.
a - a scroll of identify You open the door.
There is an open door here.
h - a scroll labelled BIES UGOLIHIXU You open the door.
An adder comes into view.
You shoot a bolt. The bolt hits the adder!!
You kill the adder!
There is an open door here.
You open the door.
There is an open door here.
A bombardier beetle comes into view.
You shoot a bolt. The bolt hits the bombardier beetle!
The bombardier beetle is almost dead.
You hear an angry hiss.
A phantom comes into view.
The bombardier beetle sprays incendiary fluid at you.
The burning spray misses you.
You shoot a bolt. The bolt hits the bombardier beetle.
The bombardier beetle is almost dead.
The bombardier beetle sprays incendiary fluid at you.
The burning spray hits you.
You are covered in liquid fire!
You shoot a bolt.
The bolt barely misses the bombardier beetle.
The liquid fire burns you!
You shoot a bolt.
The bolt barely misses the bombardier beetle.
The liquid fire burns you!
You shoot a bolt. The bolt hits the bombardier beetle!!
You kill the bombardier beetle!
The liquid fire burns you!
An iguana comes into view.
You shoot a bolt. The bolt hits the phantom!
The phantom is moderately damaged.
The liquid fire burns you!
You die...

#.......#.......#
+.......####'####
#.......#.......#
#......##.......#
#......'.........+
###...##.........#
#.#'#.#...........
#0..#####.......##
#@### #+#...#+#
#..0W.# #####
...........
..........##
~....~....#
..........#
..~~.l..###
..~~....#


You could see a phantom and an iguana.

Vanquished Creatures
  A phantom (D:4)
  A scorpion (D:4)
  3 bombardier beetles
  2 iguanas
  Natasha (thrice) (D:4)
  A gnoll (D:1)
  5 adders
  2 ribbon worms
  2 dart slugs
  4 bats
  8 endoplasms
  2 giant cockroaches
  5 goblins
  4 hobgoblins (D:2)
  3 jackals (D:3)
  4 quokkas
  7 ball pythons
  2 frilled lizards (D:3)
  7 kobolds
  2 rats
68 creatures vanquished.

Notes
Turn   | Place    | Note
-------+----------+-------------------------------------------
     0 | D:1      | qw the Spriggan Hunter began the quest for the Orb.
     0 | D:1      | Reached XP level 1. HP: 10/10 MP: 2/2
     0 | D:1      | 0 ||| qw: Version: 0.3-a-155-g5e7d8dd
     0 | D:1      | 0 ||| qw: Game counter: 2002
     0 | D:1      | 0 ||| qw: Melee chars always use a shield: true
     0 | D:1      | 0 ||| qw: God list: Okawaru
     0 | D:1      | 0 ||| qw: Allow faded altars: false
     0 | D:1      | 0 ||| qw: Do Orc after clearing Dungeon:15 true
     0 | D:1      | 0 ||| qw: Do second Lair branch before Depths: true
     0 | D:1      | 0 ||| qw: Lair rune preference: random
     0 | D:1      | 0 ||| qw: Goals: Normal
     0 | D:1      | 0 ||| PLANNING D:1-11
    74 | D:1      | Reached skill level 3 in Dodging
   106 | D:1      | Reached XP level 2. HP: 14/14 MP: 3/3
   215 | D:1      | Reached XP level 3. HP: 18/18 MP: 4/4
   803 | D:1      | 803 ||| READING 3 scrolls labelled COMNOI NIRITZ.
   803 | D:1      | 803 ||| IDENTIFYING white potion
   804 | D:1      | 804 ||| READING 2 scrolls of identify.
   804 | D:1      | 804 ||| IDENTIFYING 2 fuming amethyst potions
   805 | D:1      | 805 ||| READING scroll of identify.
   805 | D:1      | 805 ||| IDENTIFYING 2 bubbling amethyst potions
   806 | D:1      | 806 ||| DROPPING scroll of butterflies.
  1037 | D:2      | Found a faded altar of an unknown god.
  1600 | D:3      | Reached XP level 4. HP: 22/22 MP: 5/5
  1633 | D:3      | Found a sparkling altar of Nemelex Xobeh.
  1854 | D:3      | Found a glowing golden altar of the Shining One.
  2094 | D:3      | 2094 ||| READING 2 scrolls of identify.
  2094 | D:3      | 2094 ||| IDENTIFYING fizzy coppery potion
  2095 | D:3      | 2095 ||| READING scroll of identify.
  2095 | D:3      | 2095 ||| IDENTIFYING scroll labelled OCWEOD ZUNN
  2096 | D:3      | 2096 ||| DROPPING potion of magic.
  2097 | D:3      | 2097 ||| DROPPING scroll of blinking.
  2174 | D:4      | Noticed Natasha
  2181 | D:4      | Killed Natasha
  2263 | D:4      | Found a glowing silver altar of Zin.
  2305 | D:4      | Found Weesmubb's Lightly-Used Armoury.
  2308 | D:4      | 2308 ||| BUYING -1 hand cannon (1 gold).
  2308 | D:4      | Bought a -1 hand cannon for 1 gold piece
  2308 | D:4      | 2308 ||| SWAPPING to -1 hand cannon.
  2309 | D:4      | 2309 ||| DROPPING +0 shortbow.
  2323 | D:4      | Noticed a scorpion
  2324 | D:4      | 2324 ||| DRINKING 2 potions of haste.
  2327 | D:4      | Noticed Natasha
  2331 | D:4      | Killed a scorpion
  2332 | D:4      | Reached XP level 5. HP: 8/27 MP: 6/6
  2332 | D:4      | HP: 6/27 [poisoned by a scorpion]
  2333 | D:4      | 2333 ||| DRINKING potion of heal wounds.
  2339 | D:4      | 2339 ||| RETREEEEATING.
  2340 | D:4      | Killed Natasha
  2434 | D:4      | Noticed Natasha
  2438 | D:4      | Killed Natasha
  2605 | D:4      | Noticed a phantom
  2606 | D:4      | 2606 ||| DRINKING potion of haste.
  2612 | D:4      | Killed a phantom
  2613 | D:4      | Reached skill level 6 in Ranged Weapons
  2613 | D:4      | Reached XP level 6. HP: 30/32 MP: 7/7
  2817 | D:4      | 2817 ||| UPGRADING to +6 ring of dexterity.
  2818 | D:4      | 2818 ||| UPGRADING to +6 ring of strength.
  2819 | D:4      | 2819 ||| READING scroll labelled ZECKAO ZAALUONG.
  2819 | D:4      | 2819 ||| ENCHANTING +0 robe.
  2820 | D:4      | 2820 ||| READING scroll labelled LECEHU YGAHOPN.
  2941 | D:5      | Entered Level 5 of the Dungeon
  2944 | D:5      | Reached skill level 6 in Dodging
  2993 | D:5      | HP: 8/32 [burnt (9)]
  2994 | D:5      | Incinerated by a bombardier beetle

Levels and vault maps discovered:
D:1:      elethiomel_arrival_quiet, layout_loops_ring, minmay_door_square,
          chequers_serial_rivers_micro_b, fountainhead,
          chequers_serial_rivers_room_a
D:2:      layout_loops_cross, basic_ecumenical_altar, grunt_decor_clamped
D:3:      layout_loops_ring, nemelex_xobeh_ov_fountains_minmay,
          nicolae_tso_carved_into_rock
D:4:      layout_basic, mainiacjoe_overflow_surrounded_room,
          minmay_shop_damaged, uniq_natasha
D:5:      nicolae_cairo_tiling_very_big, layout_loops_ring, skrybe_limestone_x

Skill      XL: |  1  2  3  4  5  6 |
---------------+-------------------+-----
Dodging        | 4 5 6 |  6.7
Ranged Weapons | 5 6 |  6.2
Fighting       | 2 |  2.6
Stealth        | |  1.5

Action                     |  1- 3 |  4- 6 || total
---------------------------+-------+-------++-------
   Fire: Shortbow          |    97 |    26 ||   123
         Hand cannon       |       |    47 ||    47
    Use: Scroll            |     3 |     4 ||     7
         Potion            |       |     3 ||     3
 Armour: Robe              |     8 |    10 ||    18
  Dodge: Dodged            |    26 |    36 ||    62

Table legend:
 A = Non-vault XP
 B = Vault XP
 C = Vault XP percentage of total XP
 D = Non-vault monster count
 E = Vault monster count
 F = Vault count percentage of total count
                 A         B        C        D         E       F
            +---------+---------+-------+---------+---------+-------
      Total |     654 |      36 |   5.2 |      67 |       1 |   1.5
            +---------+---------+-------+---------+---------+-------
        D:1 |      56 |       0 |   0.0 |      24 |       0 |   0.0
        D:2 |      37 |       0 |   0.0 |      14 |       0 |   0.0
        D:3 |      23 |       0 |   0.0 |      11 |       0 |   0.0
        D:4 |     386 |      36 |   8.5 |      14 |       1 |   6.7
        D:5 |     152 |       0 |   0.0 |       4 |       0 |   0.0
            +---------+---------+-------+---------+---------+-------
